 Dungeon Crawl Stone Soup version 0.29.0-4-gdea44cf6ec (webtiles) character file.

Game seed: 82223046603423768

4 qw the Sneak (level 1, 0/14 HPs)
             Began as a Ghoul Enchanter on Sept 9, 2022.
             Frozen to death by an endoplasm (1 damage)
             ... on level 1 of the Dungeon.
             The game lasted 00:00:06 (357 turns).

qw the Sneak (Ghoul Enchanter)                       Turns: 357, Time: 00:00:07

Health: 0/14       AC:  2    Str: 11    XL:     1   Next: 70%
Magic:  2/2        EV: 12    Int: 10    God:
Gold:   1          SH:  0    Dex:  9    Spells: 3/3 levels left

rFire   . . .      SeeInvis .   d - +0 short sword
rCold   + . .      Faith    .   (no shield)
rNeg    + + +      Spirit   .   b - +0 robe
rPois   inf        Reflect  .   (no helmet)
rElec   .          Harm     .   (no cloak)
rCorr   .          Rampage  .   (no gloves)
Will    .....                   (no boots)
Stlth   ++........              (no amulet)
HPRegen 0.00/turn               (no ring)
MPRegen 0.08/turn               (no ring)

@: inhibited regen
A: claws 1, cold resistance 1, negative energy resistance 3, inhibited
regeneration, torment resistance 2, devour on kill
a: no special abilities


You were on level 1 of the Dungeon.
You visited 1 branch of the dungeon, and saw 1 of its levels.

You collected 1 gold pieces.


Innate Abilities, Weirdness & Mutations

You are immune to poison.
You have sharp fingernails.
Your flesh is cold resistant. (rC+)
You are immune to negative energy. (rN+++)
You do not regenerate when monsters are visible.
You are immune to unholy pain and torment.
You thrive by killing the living.


   Skills:
 + Level 0.2 Fighting
 - Level 0.8 Short Blades
 - Level 1.0 Axes
 - Level 1.7 Dodging
 - Level 3.2 Stealth
 - Level 1.7 Spellcasting
 - Level 2.4 Hexes


You had 3 spell levels left.
You didn't know any spells.
Your spell library contained the following spells:

 Spells                   Type           Power      Damage    Failure   Level
 Ensorcelled Hibernation  Hex/Ice        6%         N/A       30%         2
 Confusing Touch          Hex            5%         N/A       34%         3
 Tukima's Dance           Hex            5%         N/A       34%         3
 Dazzling Flash           Conj/Hex       6%         N/A       52%         3

Inventory:

Hand Weapons
 d - a +0 short sword (weapon)
Armour
 b - a +0 robe (worn)
Jewellery
 a - a ring of fire
Scrolls
 e - 2 scrolls of poison {unknown}
Potions
 c - 2 potions of invisibility

Dungeon Overview and Level Annotations

Branches:
Dungeon (1/15)

Altars:


Message History

The bat closely misses you.
You miss the bat.
The bat is severely wounded.
The bat closely misses you. The bat misses you. The bat barely misses you.
You hit the bat.
You kill the bat!
a - a ring of fire
Found 5 stones.
You now have 1 gold piece.
e - 2 scrolls labelled GUTUCY LEAGGU MUG (gained 1)
A hobgoblin comes into view.
The hobgoblin shouts!
An endoplasm comes into view.
You barely miss the hobgoblin. The hobgoblin hits you.
You barely miss the hobgoblin. The hobgoblin misses you.
You hit the hobgoblin.
The hobgoblin is severely wounded.
The hobgoblin hits you.
352 ||| Stepping ~*~*~tactically~*~*~ (outnumbered).
353 ||| Stepping ~*~*~tactically~*~*~ (outnumbered).
The hobgoblin attacks as you move away! The hobgoblin hits you.
You hit the endoplasm.
The endoplasm is lightly wounded.
The endoplasm hits you but does no damage.
You hit the endoplasm.
The endoplasm is moderately wounded.
The endoplasm freezes you.
You are frozen.
You resist.
You hit the endoplasm.
The endoplasm is severely wounded.
The endoplasm hits you but does no damage.
You hit the endoplasm.
The endoplasm is almost dead.
The endoplasm jiggles.
The endoplasm freezes you.
You are frozen.
You resist.
You die...

# ..... ...##. ##...#
..... .#..# #.... %#..#
...### ..#.#####
#....##.# #.#.....##
#.......# #.#......#
#.g# ..#..##..#### ##J#
###
.....###....####@##.....
.).#..##.....#..........
##.##..............#####
##.##..............#
.....).............#
.#.#..............(#
.#.#.......#######.#
#.#......## .#
#.........# .#


You could see an endoplasm and a hobgoblin.

Vanquished Creatures
  A goblin (D:1)
  A quokka (D:1)
  A bat (D:1)
  A kobold (D:1)
  A rat (D:1)
5 creatures vanquished.

Notes
Turn   | Place    | Note
-------+----------+-------------------------------------------
     0 | D:1      | qw the Ghoul Enchanter began the quest for the Orb.
     0 | D:1      | Reached XP level 1. HP: 14/14 MP: 2/2
     0 | D:1      | 0 ||| qw: Version: 0.1-a-112-g44dc6cd
     0 | D:1      | 0 ||| qw: Game counter: 6880
     0 | D:1      | 0 ||| qw: Always use a shield: true
     0 | D:1      | 0 ||| qw: God list: Okawaru
     0 | D:1      | 0 ||| qw: Allow faded altars: false
     0 | D:1      | 0 ||| qw: Do Orc after D:15 true
     0 | D:1      | 0 ||| qw: Do second Lair branch before Depths: true
     0 | D:1      | 0 ||| qw: Lair rune preference: random
     0 | D:1      | 0 ||| qw: Plans: Normal
     0 | D:1      | 0 ||| PLANNING D:1-11
    20 | D:1      | HP: 1/14 [kobold/+0 short sword (3)]
   304 | D:1      | 304 ||| SWAPPING to +0 short sword.
   305 | D:1      | 305 ||| DROPPING +1 dagger.
   320 | D:1      | Reached skill level 1 in Axes
   352 | D:1      | 352 ||| Stepping ~*~*~tactically~*~*~ (outnumbered).
   353 | D:1      | 353 ||| Stepping ~*~*~tactically~*~*~ (outnumbered).
   353 | D:1      | HP: 3/14 [hobgoblin (4)]
   355 | D:1      | HP: 1/14 [frozen (2)]
   357 | D:1      | Frozen to death by an endoplasm

Levels and vault maps discovered:
D:1:      amcnicky_arrival_gap_in_the_tavern_cellar, layout_rooms,
          chequers_ecumenical_altar_simple_redux, dreamdust_princess_corridor,
          minmay_tetromino_l4

Skill      XL: |  1 |
---------------+----+-----
Axes           | 1 |  1.0
Fighting       | |  0.2
Short Blades   | |  0.8
Dodging        | |  1.7
Stealth        | |  3.2
Spellcasting   | |  1.7
Hexes          | |  2.4

Action                   || total
-------------------------++-------
Melee: Dagger            ||    15
       Short sword       ||    13
Armor: Robe              ||     3
Dodge: Dodged            ||    20

Table legend:
 A = Non-vault XP
 B = Vault XP
 C = Vault XP percentage of total XP
 D = Non-vault monster count
 E = Vault monster count
 F = Vault count percentage of total count
                 A         B        C        D         E       F
            +---------+---------+-------+---------+---------+-------
      Total |       7 |       0 |   0.0 |       5 |       0 |   0.0
            +---------+---------+-------+---------+---------+-------
        D:1 |       7 |       0 |   0.0 |       5 |       0 |   0.0
            +---------+---------+-------+---------+---------+-------
